[Event "ICCopen2016"]
[Site "Internet Chess Club"]
[Date "2016.06.04"]
[Round "8"]
[White "Speiretti"]
[Black "onti"]
[Result "1-0"]
[ICCResult "Black resigns"]
[WhiteElo "1802"]
[BlackElo "1329"]
[Opening "Queen's pawn"]
[ECO "A61"]
[NIC "QO.17"]
[Time "15:22:34"]
[TimeControl "180+0"]

1. d4 e6 2. c4 c5 3. d5 exd5 4. cxd5 d6 5. Nc3 Nf6 6. Nf3 Bf5 7. Qb3 b6 8.
Bg5 Be7 9. e3 Ne4 10. Bb5+ Nd7 11. Nxe4 Bxe4 12. Bxe7 Qxe7 13. Qa4 O-O 14.
Bxd7 Bxf3 15. gxf3 Qf6 16. Ke2 Qxb2+ 17. Kd3 Qxf2 18. Qg4 Qb2 19. Rhg1 g6
20. h4 Rad8 21. Bc6 c4+ 22. Qxc4 Qa3+ 23. Ke2 Qc5 24. Qxc5 bxc5 25. h5 Rb8
26. hxg6 hxg6 27. Rab1 Rb6 28. Rb3 Rxb3 29. axb3 Rb8 30. Rb1 a5 31. Kd3 Rb4
32. Kc3 Rf4 33. Rf1 Kg7 34. exf4 {Black resigns} 1-0

[Event "ICCopen2016"]
[Site "Internet Chess Club"]
[Date "2016.06.04"]
[Round "8"]
[White "Desotojags"]
[Black "mrquinn"]
[Result "0-1"]
[ICCResult "White checkmated"]
[WhiteElo "1403"]
[BlackElo "1370"]
[Opening "English opening"]
[ECO "A20"]
[NIC "EO.24"]
[Time "15:21:53"]
[TimeControl "180+0"]

1. c4 e5 2. g3 Nf6 3. Bg2 h6 4. d3 Bb4+ 5. Nc3 Bxc3+ 6. bxc3 O-O 7. e4 Nc6
8. Ne2 b6 9. O-O Ba6 10. Rb1 d6 11. f4 Nd7 12. f5 f6 13. Kh1 Bb7 14. g4 Ne7
15. Ng3 c6 16. Be3 d5 17. cxd5 cxd5 18. g5 d4 19. Bd2 dxc3 20. Bxc3 hxg5 21.
Bd2 Nc6 22. Ne2 Qe8 23. Qe1 Qh5 24. Ng3 Qg4 25. h3 Qh4 26. Kh2 Nd4 27. Be3
Nc2 28. Qd2 Nxe3 29. Qxe3 Rac8 30. a4 Rc2 31. Qe1 Nc5 32. a5 Nxd3 33. Qe3
Nf4 34. axb6 Rxg2+ 35. Kh1 Qxh3# {White checkmated} 0-1

[Event "ICCopen2016"]
[Site "Internet Chess Club"]
[Date "2016.06.04"]
[Round "8"]
[White "GodspeedR8"]
[Black "PauldeRome"]
[Result "1-0"]
[ICCResult "Black forfeits on time"]
[WhiteElo "1943"]
[BlackElo "1766"]
[Opening "Sicilian: Anderssen variation"]
[ECO "B41"]
[NIC "SI.41"]
[Time "15:21:53"]
[TimeControl "180+0"]

1. e4 c5 2. Nf3 e6 3. d4 cxd4 4. Nxd4 Nf6 5. Bd3 Qb6 6. Nb3 d6 7. c4 a6 8.
Nc3 Nbd7 9. Be3 Qc7 10. O-O b6 11. Rc1 Bb7 12. Nd4 Nc5 13. f3 Be7 14. b4
Nxd3 15. Qxd3 Rc8 16. Nd5 exd5 17. cxd5 Qd7 18. Rxc8+ Qxc8 19. Rc1 Qd7 20.
Nc6 O-O 21. Bxb6 Rc8 22. Nxe7+ Qxe7 23. Rxc8+ Bxc8 24. Qc3 Qd7 25. Bd4 Ne8
26. Kf2 f6 27. Qc2 Qc7 28. Qb3 Bd7 29. a4 f5 30. b5 axb5 31. axb5 Qb7 32. b6
fxe4 33. fxe4 Nf6 34. Bxf6 gxf6 35. Qb4 Qb8 36. b7 Kf7 37. Qb6 Bc8 38.
bxc8=Q Qxb6+ 39. Ke2 Qb2+ 40. Kd3 Qb1+ 41. Kd2 Qb2+ 42. Qc2 Qd4+ 43. Ke2 Qe5
44. g3 f5 45. Qc7+ Kg6 46. Qc2 Qxe4+ 47. Qxe4 fxe4 48. Ke3 Kf5 49. Kd4 e3
50. Kxe3 Ke5 51. g4 Kxd5 52. h4 Ke6 53. Ke4 Kf6 54. Kd5 h6 55. Kxd6 Kg6 56.
Ke6 Kg7 57. Kf5 Kh7 58. h5 Kg7 59. Kf4 Kh7 60. Ke5 Kh8 61. Ke6 Kh7 62. Kf6
Kg8 63. Kg6 Kh8 64. Kxh6 Kg8 65. g5 Kh8 66. Kg6 Kg8 67. h6 Kh8 68. Kf7
{Black forfeits on time}
1-0

[Event "ICCopen2016"]
[Site "Internet Chess Club"]
[Date "2016.06.04"]
[Round "8"]
[White "cyborg86"]
[Black "PazificDreams"]
[Result "0-1"]
[ICCResult "White checkmated"]
[WhiteElo "2058"]
[BlackElo "2696"]
[Opening "Giuoco Piano"]
[ECO "C54"]
[NIC "IG.02"]
[Time "15:21:34"]
[TimeControl "180+0"]

1. e4 e5 2. Nf3 Nc6 3. Bc4 Bc5 4. c3 Nf6 5. d3 a6 6. Bb3 Ba7 7. Nbd2 d6 8.
h3 Be6 9. Bc2 O-O 10. Nf1 d5 11. Qe2 b5 12. exd5 Bxd5 13. Ne3 Re8 14. O-O
Nd4 15. cxd4 exd4 16. Nxd4 Bxd4 17. Bd2 Bxb2 18. Rad1 Bxa2 19. Qf3 Bd4 20.
Nf5 Be6 21. Bg5 Bxf5 22. Qxf5 Qd5 23. Qf4 Be5 24. Qh4 h6 25. Be3 Bd4 26.
Qxd4 a5 27. Rb1 c6 28. Bb3 Qf5 29. Rfc1 a4 30. Ba2 Rac8 31. Rc5 Qg6 32. Rbc1
Red8 33. Qf4 Nd7 34. Rf5 Rf8 35. Qf3 b4 36. Ra5 b3 37. Bb1 Ra8 38. Rxa8 Rxa8
39. d4 Qe6 40. Rxc6 Qe8 41. Qd5 Nf6 42. Qc4 a3 43. Rxf6 a2 44. Bxa2 bxa2 45.
Ra6 a1=Q+ 46. Rxa1 Rxa1+ 47. Kh2 Qb8+ 48. g3 Qb1 49. Qc8+ Kh7 50. g4 Qg1#
{White checkmated}
0-1

[Event "ICCopen2016"]
[Site "Internet Chess Club"]
[Date "2016.06.04"]
[Round "8"]
[White "Panesso"]
[Black "chessasuke91"]
[Result "0-1"]
[ICCResult "White forfeits on time"]
[WhiteElo "2294"]
[BlackElo "2708"]
[Opening "Queen's pawn: Yusupov-Rubinstein system"]
[ECO "A40"]
[NIC "QO.17"]
[Time "15:22:18"]
[TimeControl "180+0"]

1. d4 e6 2. Nf3 Nf6 3. e3 b6 4. Bd3 Bb7 5. Nbd2 Be7 6. O-O d5 7. b3 c5 8.
Bb2 Nc6 9. a3 O-O 10. Ne5 Rc8 11. f4 Bd6 12. Qf3 Ne7 13. Qh3 Ng6 14. Rae1
Ne4 15. Nxe4 dxe4 16. Bc4 cxd4 17. exd4 b5 18. Bxb5 Rxc2 19. Ba1 e3 20. Re2
Rxe2 21. Bxe2 Bxa3 22. Qxe3 Ne7 23. d5 Nxd5 24. Qg3 Nf6 25. Ng4 Be7 26. Rd1
Bd5 27. Ne3 Qb6 28. Kh1 Bxb3 29. Rd7 Qa5 30. Be5 Qc5 31. Rc7 Qa3 32. Nf1 Bd5
33. Ne3 g6 34. Rxe7 Qxe7 35. Qg5 Bxg2+ 36. Kxg2 Nd5 37. Qg4 Nxe3+ 38. Kf3
Nxg4 {White forfeits on time} 0-1

[Event "ICCopen2016"]
[Site "Internet Chess Club"]
[Date "2016.06.04"]
[Round "8"]
[White "EEJ"]
[Black "Freedoom"]
[Result "1-0"]
[ICCResult "Black resigns"]
[WhiteElo "1734"]
[BlackElo "1906"]
[Opening "Sicilian: Grand Prix attack"]
[ECO "B21"]
[NIC "SI.48"]
[Time "15:23:22"]
[TimeControl "180+0"]

1. e4 c5 2. f4 Nc6 3. Nf3 e6 4. Bc4 d5 5. exd5 exd5 6. Bb5 Be7 7. Bxc6+ bxc6
8. O-O Nf6 9. Qe2 O-O 10. Re1 Bd6 11. d3 Re8 12. Qf1 Rxe1 13. Qxe1 Qc7 14.
Nc3 Bg4 15. Qg3 Re8 16. Bd2 Kf8 17. Rf1 h6 18. h3 Bc8 19. Qh4 Bxf4 20. Bxf4
Qe7 21. Bxh6 gxh6 22. Qxh6+ Kg8 23. Ng5 Qf8 24. Qxf6 Qg7 25. Qxg7+ Kxg7 26.
Kf2 f6 27. Nf3 {Black resigns} 1-0

[Event "ICCopen2016"]
[Site "Internet Chess Club"]
[Date "2016.06.04"]
[Round "8"]
[White "TitanRivas"]
[Black "BlueGoose"]
[Result "0-1"]
[ICCResult "White checkmated"]
[WhiteElo "1815"]
[BlackElo "1703"]
[Opening "Queen's pawn"]
[ECO "A40"]
[NIC "QO.17"]
[Time "15:21:48"]
[TimeControl "180+0"]

1. d4 e6 2. Nf3 d5 3. Bf4 f5 4. e3 Nf6 5. Bd3 Bd6 6. Ne5 O-O 7. Nd2 c5 8. c3
Nc6 9. Bg3 Ne4 10. f4 Nxg3 11. hxg3 Bxe5 12. dxe5 Qb6 13. Qc2 c4 14. Be2
Qxe3 15. Nf1 Qc5 16. O-O-O b5 17. g4 b4 18. gxf5 exf5 19. Bf3 Be6 20. g4 b3
21. axb3 cxb3 22. Qxb3 fxg4 23. Bxd5 Bf7 24. Bxf7+ Rxf7 25. Rxh7 Re8 26. Rd7
Rf8 27. Rh4 Qf2 28. Rh8+ Kxh8 29. Rxf7 Qxf1+ 30. Kc2 Rc8 31. Qb7 Nd4+ 32.
Kd2 Qe2+ 33. Kc1 Qc2# {White checkmated} 0-1

[Event "ICCopen2016"]
[Site "Internet Chess Club"]
[Date "2016.06.04"]
[Round "8"]
[White "aplusk"]
[Black "LastKeks"]
[Result "1-0"]
[ICCResult "Black forfeits on time"]
[WhiteElo "2926"]
[BlackElo "3079"]
[Opening "Sicilian: Sozin with ...a6 and ...b5"]
[ECO "B87"]
[NIC "SI.13"]
[Time "15:21:01"]
[TimeControl "180+0"]

1. Nc3 c5 2. Nf3 Nf6 3. e4 d6 4. d4 cxd4 5. Nxd4 a6 6. Bc4 e6 7. Bb3 b5 8.
Bg5 Be7 9. Qf3 Qc7 10. O-O-O Nbd7 11. Bxe6 Ne5 12. Bxf7+ Kxf7 13. Qg3 Nh5
14. Qh4 Bxg5+ 15. Qxg5 Nf6 16. f4 Ng6 17. Nd5 Qc5 18. f5 Nf8 19. Kb1 h6 20.
Qf4 Bb7 21. Nb3 Nxd5 22. exd5 Qb6 23. g4 Nd7 24. g5 hxg5 25. Qxg5 Rh6 26.
Rhg1 Rg8 27. Nd4 Bxd5 28. f6 Nxf6 29. Nf5 Rxh2 30. Qg6+ Kf8 31. Nxg7 Qf2 32.
Rdf1 Bf7 33. Rxf2 Bxg6 34. Rxh2 Bf7 35. Rhg2 Ne4 36. Nf5 Rxg2 37. Rxg2 d5
38. Ng3 Nc5 39. Rf2 Ke7 40. c3 Ne6 41. Ka1 Bg6 42. Nf5+ Kd7 43. Nd4 Nc5 44.
Rg2 Be4 45. Rg7+ Kd6 46. b4 Nd3 47. Ra7 Ne1 48. Rxa6+ Ke5 49. Kb2 Kf4 50.
Kb3 Nd3 51. Ne6+ Ke3 52. Nd4 Nc1+ 53. Kb2 {Black forfeits on time} 1-0

[Event "ICCopen2016"]
[Site "Internet Chess Club"]
[Date "2016.06.04"]
[Round "8"]
[White "KAPAMA3OB"]
[Black "chigamaster"]
[Result "1-0"]
[ICCResult "Black forfeits on time"]
[WhiteElo "2783"]
[BlackElo "2984"]
[Opening "Caro-Kann: closed (Breyer) variation"]
[ECO "B10"]
[NIC "CK.01"]
[Time "15:21:33"]
[TimeControl "180+0"]

1. e4 c6 2. d3 d5 3. Nd2 g6 4. f4 Bg7 5. Qe2 dxe4 6. dxe4 e5 7. fxe5 Bxe5 8.
Ngf3 Bg7 9. Nc4 Ne7 10. Bg5 O-O 11. Rd1 Qc7 12. Qf2 Be6 13. Qh4 Nd5 14. exd5
cxd5 15. Ne3 Nc6 16. Bd3 d4 17. Ng4 Bxg4 18. Qxg4 Rae8+ 19. Kf2 Nb4 20. Rhe1
Rxe1 21. Rxe1 Nxd3+ 22. cxd3 Qc2+ 23. Kg1 Qxd3 24. Be7 Ra8 25. Qd7 Qa6 26.
Bd8 Qc6 27. Re8+ Bf8 28. Qxc6 bxc6 29. Nxd4 Rc8 30. Kf1 f6 31. Ne6 Kf7 32.
Rxf8+ Kxe6 33. Rxf6+ Ke5 34. Rf8 Ke6 35. Rh8 g5 36. Ke2 c5 37. Kd3 c4+ 38.
Kc3 Kf5 39. a4 h5 40. a5 h4 41. a6 Rc6 42. Bxg5 Rxa6 43. Bxh4 Rd6 44. Bg3
Rd3+ 45. Kc2 Re3 46. Rf8+ Kg6 47. Rg8+ Kf7 48. Ra8 Re2+ 49. Kb1 Rxg2 50. Ka2
c3 51. Rxa7+ Ke6 52. Rb7 Kd5 53. Rc7 c2 54. Kb3 Kd4 55. Rc4+ Kd5 56. Rc3 Ke6
57. Rxc2 Kd7 58. Rc3 Ke8 59. Rd3 Kf7 60. Rc3 Kg6 61. Kc4 Kf5 62. b3
{Black forfeits on time}
1-0

[Event "ICCopen2016"]
[Site "Internet Chess Club"]
[Date "2016.06.04"]
[Round "8"]
[White "kingdavid"]
[Black "PawnTerminator"]
[Result "1-0"]
[ICCResult "Black forfeits on time"]
[WhiteElo "1146"]
[BlackElo "1610"]
[Opening "French defense"]
[ECO "C00"]
[NIC "FR.01"]
[Time "15:21:51"]
[TimeControl "180+0"]

1. e4 e6 2. Nf3 d5 3. exd5 exd5 4. d4 Nf6 5. Be2 Be7 6. Be3 O-O 7. O-O c6 8.
Nc3 Re8 9. Ne5 Nbd7 10. Bf4 Nxe5 11. Bxe5 Bf5 12. Bd3 Bxd3 13. Qxd3 Bb4 14.
Qg3 Bxc3 15. bxc3 g6 16. Qg5 Nd7 17. Qf4 Nxe5 18. dxe5 Qe7 19. Rfe1 f6 20.
Re3 fxe5 21. Qg3 e4 22. Rae1 Qf6 23. f3 Qf7 24. fxe4 dxe4 25. Rxe4 Rxe4 26.
Rxe4 Rf8 27. Qe1 Qxa2 28. Re7 Qd5 29. Rxb7 Qc5+ 30. Kh1 Qf2 31. Qe6+ Rf7 32.
Rb8+ Kg7 33. Qe5+ Kh6 34. h3 Qf1+ 35. Kh2 Qf4+ 36. Qxf4+ Rxf4 37. Rb7 Rc4
38. Rxa7 Rxc3 39. Ra2 Kg5 40. Kg1 Kf4 41. Kf2 Ke4 42. Ke2 Kd4 43. Kd2 Rg3
44. Ra4+ Kc5 45. Ra5+ Kb6 46. Ra3 Rxg2+ 47. Kc1 Rg1+ 48. Kb2 c5 49. Rb3+
{Black forfeits on time}
1-0

[Event "ICCopen2016"]
[Site "Internet Chess Club"]
[Date "2016.06.04"]
[Round "8"]
[White "manta2"]
[Black "ELVIS71"]
[Result "0-1"]
[ICCResult "White forfeits on time"]
[WhiteElo "1127"]
[BlackElo "1688"]
[Opening "Queen's pawn: Lundin (Kevitz-Mikenas) defense"]
[ECO "A40"]
[NIC "QO.17"]
[Time "15:22:27"]
[TimeControl "180+0"]

1. d4 Nc6 2. d5 Ne5 3. f4 Ng6 4. g3 d6 5. Bg2 e6 6. Nf3 exd5 7. Qxd5 Nf6 8.
Qb3 Be7 9. O-O O-O 10. Ng5 Rb8 11. Nc3 h6 12. Nge4 Nxe4 13. Nxe4 Be6 14. c4
d5 15. f5 dxe4 16. fxe6 fxe6 17. Bxe4 Rxf1+ 18. Kxf1 Qf8+ 19. Kg2 Bc5 20. e3
Ne5 21. Bd2 Qd6 22. Qc2 Ng4 23. Re1 Nf6 24. Bg6 Rd8 25. Bc3 Rf8
{White forfeits on time}
0-1

[Event "ICCopen2016"]
[Site "Internet Chess Club"]
[Date "2016.06.04"]
[Round "8"]
[White "RussianCowboy"]
[Black "burbur"]
[Result "1/2-1/2"]
[ICCResult "White stalemated"]
[WhiteElo "2064"]
[BlackElo "2477"]
[Opening "Caro-Kann defense"]
[ECO "B10"]
[NIC "CK.01"]
[Time "15:21:38"]
[TimeControl "180+0"]

1. e4 c6 2. Nf3 d6 3. d3 e5 4. Be2 Nf6 5. Nbd2 Be7 6. O-O O-O 7. Rb1 Nbd7 8.
b4 Re8 9. a3 Nf8 10. g3 Bd7 11. Bb2 a5 12. c4 Ne6 13. Qc2 Qb6 14. Bc3 axb4
15. axb4 Nd4 16. Bxd4 exd4 17. Rfc1 Qa7 18. c5 b6 19. cxd6 Bxd6 20. Nxd4
Rec8 21. N4f3 Bg4 22. Nc4 Bc7 23. Nce5 Bxe5 24. Nxe5 Bxe2 25. Qxe2 c5 26.
bxc5 bxc5 27. Nc4 Rd8 28. Rb3 Qa2 29. Rb2 Qa7 30. Rcb1 Qd7 31. e5 Nd5 32.
Rb7 Nc3 33. Qf3 Qe6 34. Rc1 Nd5 35. Nd6 Rf8 36. Rcb1 Qxe5 37. Nc4 Qd4 38.
Rd7 Rad8 39. Rxd8 Rxd8 40. Re1 Rf8 41. Qe4 Nc3 42. Qxd4 cxd4 43. Ne5 h5 44.
f4 Rb8 45. Rc1 Ne2+ 46. Kf2 Nxc1 47. Nf3 Rb2+ 48. Ke1 Nxd3+ 49. Kd1 Rf2 50.
Nxd4 Rxh2 51. Nf5 h4 52. Ne7+ Kf8 53. g4 Kxe7 54. g5 Ke6 55. f5+ Kxf5 56. g6
Kxg6 {White stalemated} 1/2-1/2

[Event "ICCopen2016"]
[Site "Internet Chess Club"]
[Date "2016.06.04"]
[Round "8"]
[White "waynehatcher"]
[Black "A4-H5"]
[Result "1-0"]
[ICCResult "Black forfeits on time"]
[WhiteElo "1625"]
[BlackElo "1760"]
[Opening "Réti: Herrström gambit"]
[ECO "A04"]
[NIC "QP.11"]
[Time "15:21:39"]
[TimeControl "180+0"]

1. Nf3 g5 2. Nxg5 Bg7 3. Nf3 Nf6 4. Nc3 d5 5. e3 Ng4 6. h3 Nh6 7. b3 e5 8.
Bb2 Nf5 9. d4 e4 10. Nd2 O-O 11. Qe2 Nc6 12. O-O-O a5 13. g4 Nh4 14. f4 a4
15. g5 axb3 16. axb3 Nb4 17. Qf2 Ng6 18. h4 Ne7 19. h5 Nf5 20. Bh3 Na2+ 21.
Nxa2 Rxa2 22. Kb1 Rxb2+ 23. Kxb2 c5 24. c3 b5 25. Nb1 b4 26. Bxf5 Bxf5 27.
Rh2 Qa5 28. c4 Ra8 29. Kc1 dxc4 30. bxc4 cxd4 31. exd4 e3 32. Qxe3 Qa1 33.
Rb2 Ra2 34. Rdd2 Ra3 35. Qe8+ Bf8 36. g6 hxg6 37. hxg6 Rc3+ 38. Kd1 Bg4+ 39.
Ke1 Rc1+ 40. Kf2 Be6 41. gxf7+ Bxf7 42. Qe2 Rxb1 43. Rxb1 Qxb1 44. Qg4+ Bg7
45. Qc8+ Kh7 46. Qh3+ Kg8 47. Qf3 Bxd4+ 48. Kg3 {Black forfeits on time} 1-0

[Event "ICCopen2016"]
[Site "Internet Chess Club"]
[Date "2016.06.04"]
[Round "8"]
[White "ChessGeek"]
[Black "hgarjur"]
[Result "1-0"]
[ICCResult "Black checkmated"]
[WhiteElo "1762"]
[BlackElo "1860"]
[Opening "Pirc: classical, h3 system"]
[ECO "B08"]
[NIC "PU.10"]
[Time "15:22:22"]
[TimeControl "180+0"]

1. e4 d6 2. d4 Nf6 3. Nc3 g6 4. Nf3 Bg7 5. h3 O-O 6. Be3 c6 7. a4 Qc7 8. Be2
Rd8 9. O-O e5 10. Bg5 h6 11. Bh4 Nbd7 12. Qd2 Kh7 13. Rfd1 b6 14. dxe5 dxe5
15. Qd6 Qxd6 16. Rxd6 Re8 17. Rad1 c5 18. Bb5 a6 19. Bxd7 Nxd7 20. Rxd7 Bxd7
21. Rxd7 g5 22. Bg3 f6 23. Nd5 Re6 24. Nd2 Rc8 25. Nc4 b5 26. axb5 axb5 27.
Nd6 Rc6 28. Nxb5 Rb6 29. c4 Rbc6 30. f3 Re8 31. Be1 Ra8 32. Bc3 Ra1+ 33. Kf2
Rc1 34. Nd6 Kg8 35. Ne7+ Kf8 36. Nxc6 Rc2+ 37. Kg3 h5 38. Rf7+ Kg8 39. Nd8
h4+ 40. Kg4 Rxg2+ 41. Kf5 Rg3 42. Ne8 Rxf3+ 43. Ke6 Bf8 44. Rxf6 Rxh3 45.
Rg6+ Kh7 46. Rf6 Bh6 47. Rf7+ Kg8 48. Nf6+ Kh8 49. Rh7# {Black checkmated}
1-0

[Event "ICCopen2016"]
[Site "Internet Chess Club"]
[Date "2016.06.04"]
[Round "8"]
[White "Chanikya"]
[Black "CristianS"]
[Result "1-0"]
[ICCResult "Black forfeits on time"]
[WhiteElo "2675"]
[BlackElo "2065"]
[Opening "Queen's pawn: London system"]
[ECO "A45"]
[NIC "QP.07"]
[Time "15:21:58"]
[TimeControl "180+0"]

1. d4 Nf6 2. Bf4 g6 3. e3 Bg7 4. Nf3 O-O 5. Be2 c5 6. c3 d6 7. O-O Nh5 8.
Bg5 h6 9. Bh4 g5 10. Nfd2 Nf6 11. Bg3 Nc6 12. dxc5 dxc5 13. Nc4 Ne4 14. Bf3
Nxg3 15. hxg3 Qc7 16. a4 Rd8 17. Nbd2 Be6 18. Qe2 Ne5 19. Nxe5 Bxe5 20. Nc4
Bg7 21. Rfc1 Rac8 22. Rab1 b6 23. Na3 Qd7 24. Qa6 Bf5 25. Ra1 Bd3 26. Nb5 e5
27. Rd1 e4 28. Bxe4 Bxb5 29. axb5 Qxd1+ 30. Rxd1 Rxd1+ 31. Kh2 Rc7 32. Qa4
Rd2 33. f4 Rxb2 34. Qc4 Rd7 35. Bd3 Rd2 36. Bf5 R7d6 37. Qe4 Bf6 38. Qe8+
Kg7 39. e4 Rd8 40. Qc6 gxf4 41. gxf4 Bxc3 42. e5 R8d4 43. Qf6+ Kf8 44. Qxh6+
Ke7 45. e6 Rf2 46. Qh4+ Kd6 47. exf7 Rdxf4 48. f8=Q+ Kd5 49. Be6+ Kd4 50.
Qfxf4+ {Black forfeits on time} 1-0

[Event "ICCopen2016"]
[Site "Internet Chess Club"]
[Date "2016.06.04"]
[Round "8"]
[White "karodash"]
[Black "minke"]
[Result "0-1"]
[ICCResult "White forfeits on time"]
[WhiteElo "1608"]
[BlackElo "1802"]
[Opening "Pirc: classical system, 5.Be2"]
[ECO "B08"]
[NIC "PU.01"]
[Time "15:22:18"]
[TimeControl "180+0"]

1. e4 d6 2. d4 Nf6 3. Nc3 g6 4. Nf3 Bg7 5. Be2 O-O 6. O-O Bg4 7. Bg5 Nc6 8.
e5 Nd7 9. exd6 cxd6 10. d5 Nce5 11. Nxe5 Bxe2 12. Qxe2 Nxe5 13. f4 Qb6+ 14.
Kh1 f6 15. fxe5 fxg5 16. Ne4 Bxe5 17. Nxg5 Qxb2 18. Rab1 Qxa2 19. Rxb7 Rxf1+
20. Qxf1 Rf8 21. Qb1 Qa6 22. Nf3 g5 23. Rxe7 g4 24. c4 Qa1 25. Qxa1 Bxa1 26.
Ng1 Bd4 27. g3 Rf1 28. Re8+ Kf7 {White forfeits on time} 0-1

[Event "ICCopen2016"]
[Site "Internet Chess Club"]
[Date "2016.06.04"]
[Round "8"]
[White "JohnnieW"]
[Black "Johndenver"]
[Result "0-1"]
[ICCResult "White forfeits on time"]
[WhiteElo "2004"]
[BlackElo "1811"]
[Opening "QGD: Tarrasch, Prague variation"]
[ECO "D33"]
[NIC "TD.09"]
[Time "15:21:26"]
[TimeControl "180+0"]

1. d4 d5 2. c4 e6 3. Nc3 c5 4. cxd5 exd5 5. Nf3 Nc6 6. g3 Nf6 7. Bg2 cxd4 8.
Nxd4 Be7 9. O-O O-O 10. Bg5 h6 11. Bf4 Qb6 12. Nb3 d4 13. Na4 Qb5 14. Nxd4
Nxd4 15. Qxd4 Rd8 16. Qe3 Be6 17. b3 Ba3 18. Rad1 Re8 19. Qd2 Be7 20. Qd3
Qb4 21. Qc3 Qxc3 22. Nxc3 Bb4 23. Ne4 Nxe4 24. Bxe4 Bh3 25. Bg2 Bxg2 26.
Kxg2 Rxe2 27. a4 Rc8 28. Rd3 Rcc2 29. Be3 b6 30. Kf3 Bc5 31. Bxc5 bxc5 32.
h4 Red2 33. Rxd2 Rxd2 34. Rc1 Rd3+ 35. Ke2 Rxb3 36. Rxc5 Rb7 37. Ra5 f6 38.
Kd3 Kf7 39. f4 Ke6 40. Ke3 Kf7 41. Ke4 Ke6 42. f5+ Kd6 43. g4 Kc6 44. g5 Kb6
45. Rc5 Kxc5 46. gxh6 gxh6 47. h5 Rg7 48. Kf4 Rg5 49. Ke4 Rxh5 50. Kf4 Rg5
51. Ke4 Rg4+ 52. Kf3 Rxa4 53. Ke3 Rh4 54. Kf3 Rh5 55. Kg3 Rxf5 56. Kg4 Rd5
57. Kg3 a5 58. Kg4 a4 59. Kg3 a3 60. Kg4 a2 61. Kg3 a1=Q 62. Kg4 Qe1 63. Kh3
Rf5 64. Kh2 Qf2+ 65. Kh3 Rf3+ 66. Kg4 Rg3+ {White forfeits on time} 0-1

[Event "ICCopen2016"]
[Site "Internet Chess Club"]
[Date "2016.06.04"]
[Round "8"]
[White "Jemm"]
[Black "bennywins"]
[Result "1-0"]
[ICCResult "Black forfeits on time"]
[WhiteElo "1218"]
[BlackElo "1213"]
[Opening "Giuoco Pianissimo"]
[ECO "C50"]
[NIC "IG.02"]
[Time "15:22:14"]
[TimeControl "180+0"]

1. e4 e5 2. Nf3 Nc6 3. Bc4 Bc5 4. d3 Nf6 5. O-O d6 6. c3 a6 7. b4 Ba7 8. Qb3
O-O 9. Ng5 Qe7 10. Kh1 b5 11. Bd5 Nxd5 12. Qxd5 Bb7 13. f4 h6 14. Nh3 exf4
15. Rxf4 Qe6 16. Qxe6 fxe6 17. Rg4 Kh8 18. Nd2 Bb6 19. Bb2 Ne5 20. Rg3 Bf2
21. d4 Bxg3 22. hxg3 Nd3 23. Rb1 Nf2+ 24. Kh2 {Black forfeits on time} 1-0

[Event "ICCopen2016"]
[Site "Internet Chess Club"]
[Date "2016.06.04"]
[Round "8"]
[White "mikado"]
[Black "Towinning"]
[Result "0-1"]
[ICCResult "White forfeits on time"]
[WhiteElo "1999"]
[BlackElo "2349"]
[Opening "English: Caro-Kann defensive system"]
[ECO "A11"]
[NIC "EO.64"]
[Time "15:21:41"]
[TimeControl "180+0"]

1. c4 c6 2. Nf3 d5 3. e3 Nf6 4. Nc3 Bf5 5. Qb3 Qb6 6. cxd5 Qxb3 7. axb3 Nxd5
8. Nxd5 cxd5 9. Nd4 Bd7 10. Bb5 Nc6 11. Nxc6 Bxc6 12. Bxc6+ bxc6 13. Ra6 Kd7
14. d4 e6 15. Bd2 Bd6 16. Ke2 Bc7 17. Rha1 Bb6 18. Bb4 Kc7 19. Bc5 Kb7 20.
b4 Rhd8 21. Kd3 f6 22. f4 Re8 23. R6a3 Bxc5 24. bxc5 e5 25. b4 a6 26. fxe5
fxe5 27. Rf1 Re7 28. Ra2 e4+ 29. Kc3 Kc7 30. Rfa1 Kb7 31. Rf1 h6 32. Raf2 a5
33. Rf7 axb4+ 34. Kxb4 Re8 35. Ka5 Kc7 36. R1f5 Kd7 37. Kb6 g6 38. R5f6 g5
39. Rd6+ Kc8 40. Rxc6+ Kd8 41. Rd6+ Kc8 42. Rc6+ Kb8 43. Rxe7 Rxe7 44. Rd6
Rb7+ 45. Ka5 Ra7+ 46. Ra6 Rxa6+ 47. Kxa6 Kc7 48. Kb5 g4 49. c6 g3
{White forfeits on time}
0-1

[Event "ICCopen2016"]
[Site "Internet Chess Club"]
[Date "2016.06.04"]
[Round "8"]
[White "Imperator15"]
[Black "gmgattass"]
[Result "1-0"]
[ICCResult "Black resigns"]
[WhiteElo "2880"]
[BlackElo "2268"]
[Opening "Alekhine's defense: exchange variation"]
[ECO "B02"]
[NIC "AL.08"]
[Time "15:22:14"]
[TimeControl "180+0"]

1. e4 Nf6 2. e5 Nd5 3. c4 Nb6 4. d4 d6 5. exd6 exd6 6. Nc3 Be7 7. Bd3 O-O 8.
Nge2 Nc6 9. O-O Nb4 10. Bb1 Bf6 11. a3 Nc6 12. h3 Re8 13. b3 a5 14. Be3 a4
15. b4 d5 16. Nxd5 Nxd5 17. cxd5 Qxd5 18. Ba2 Qh5 19. Nf4 Qxd1 20. Rfxd1 Rd8
21. Nd5 Bf5 22. Nxc7 Rac8 23. Nd5 Bc2 24. Rd2 Bb3 25. Nxf6+ gxf6 26. Bxb3
axb3 27. Rb1 Ne7 28. Rxb3 Nd5 29. Bh6 Kh8 30. Rg3 Rg8 31. Rdd3 Rg6 32. Bd2
b5 33. Rgf3 Rc4 34. Rf5 Nc7 35. Rc5 Rg8 36. Rxc4 bxc4 37. Rc3 Nb5 38. Rxc4
Nxa3 39. Rc7 Kg7 40. d5 Nb5 41. Rd7 Rc8 42. Be3 Rc4 43. Bc5 Nc3 44. d6 Ne4
45. Rc7 Rc1+ 46. Kh2 Rd1 47. f3 Nd2 48. Kg3 Nc4 49. d7 Ne5 50. b5 Nxd7 51.
Be3 Ne5 52. b6 Rb1 53. Bd4 Nd3 54. b7 Rb5 55. Ba7 Rg5+ 56. Kh2 Nf4 57. Rc2
Nxg2 58. Rxg2 Rxg2+ 59. Kxg2 {Black resigns} 1-0

[Event "ICCopen2016"]
[Site "Internet Chess Club"]
[Date "2016.06.04"]
[Round "8"]
[White "Anarchy"]
[Black "Red-white"]
[Result "1/2-1/2"]
[ICCResult "Black ran out of time and White has no material to mate"]
[WhiteElo "2844"]
[BlackElo "3029"]
[Opening "Grünfeld: 5.Bf4"]
[ECO "D92"]
[NIC "GI.07"]
[Time "15:21:39"]
[TimeControl "180+0"]

1. d4 Nf6 2. Nf3 g6 3. c4 Bg7 4. Nc3 d5 5. Bf4 O-O 6. Rc1 c6 7. e3 Bg4 8.
Qb3 Bxf3 9. gxf3 b6 10. cxd5 cxd5 11. Bd3 Nc6 12. O-O Na5 13. Qa4 a6 14. Bg3
b5 15. Qd1 Nh5 16. b3 e6 17. Ne2 Nxg3 18. hxg3 Qd6 19. Qd2 Nc6 20. Rc5 Ne5
21. Kg2 Nd7 22. Rc2 Rfc8 23. Rfc1 Rxc2 24. Qxc2 h5 25. Nf4 Nb6 26. Qc6 Qxc6
27. Rxc6 Rb8 28. Be2 Bf8 29. Nd3 Be7 30. Nc5 Bxc5 31. dxc5 Nd7 32. b4 Ra8
33. a3 Kf8 34. f4 Ke8 35. Bf3 Kd8 36. e4 dxe4 37. Bxe4 Ra7 38. Rd6 Ke7 39.
Kf3 a5 40. Bc6 axb4 41. axb4 Nf6 42. Rd4 Ra3+ 43. Ke2 Ra2+ 44. Rd2 Ra4 45.
Rd4 Ra2+ 46. Rd2 Ra4 47. Rd4 Ra2+ 48. Ke1 Ng4 49. Rd2 Ra1+ 50. Ke2 Rb1 51.
Rd4 Rb2+ 52. Ke1 Rxf2 53. Bxb5 Rb2 54. Bd3 Nf6 55. b5 Nd5 56. b6 Kd7 57. Be4
Kc6 58. Bxd5+ exd5 59. f5 Kxc5 60. fxg6 Rxb6 61. gxf7 Rb8 62. Rf4 Rf8 63.
Kf2 Kd6 64. Kf3 Ke6 65. Kg2 Rxf7 66. Kh3 Rxf4 67. gxf4 Kf5 68. Kh4 Kxf4 69.
Kxh5 d4 70. Kg6 d3 71. Kf7 d2 72. Kg8
{Black ran out of time and White has no material to mate}
1/2-1/2

[Event "ICCopen2016"]
[Site "Internet Chess Club"]
[Date "2016.06.04"]
[Round "8"]
[White "pulpocybort"]
[Black "nikenwidiartto"]
[Result "0-1"]
[ICCResult "White checkmated"]
[WhiteElo "1639"]
[BlackElo "1859"]
[Opening "Scandinavian defense"]
[ECO "B01"]
[NIC "SD.03"]
[Time "15:22:20"]
[TimeControl "180+0"]

1. e4 d5 2. exd5 Nf6 3. Bb5+ Bd7 4. Bxd7+ Qxd7 5. c4 c6 6. dxc6 Nxc6 7. Nf3
O-O-O 8. O-O e5 9. Nc3 Bc5 10. Qe2 Rhe8 11. a3 e4 12. Ng5 Nd4 13. Qe1 Nc2
14. Qd1 Nxa1 15. b4 Bd4 16. Bb2 h6 17. Nh3 Qf5 18. Qa4 Ng4 19. Nb5 Bxb2 20.
Qxa7 Be5 21. Qa8+ Bb8 22. Na7+ Kd7 23. Qxb7+ Ke6 24. Nb5 Bxh2+ 25. Kh1 Bd6
26. f3 Qe5 27. f4 Qh5 28. f5+ Kf6 29. Nc3 Re5 30. Nxe4+ Rxe4 31. Qxe4 Qh4
32. Qd4+ Ke7 33. Qxg7 Qg3 34. f6+ Kd7 35. Qxf7+ Kc8 36. Qe6+ Rd7 37. Qxd6
Qxd6 38. Nf4 Qxf6 39. Nd5 Qxf1# {White checkmated} 0-1